AoeStats
← 小桦

Arabia

507432816Analyzed
1v1 RM · 15d ago on Sep 18, 2026· 42m 21s· 2 players
Game mode
Random Map
Map size
Tiny (2 player)
Population
200
Speed
Normal
Resources
Standard
Victory
Conquest
Starting age
Dark Age
Ending age
Imperial Age
RankedLock teamsTeams togetherTeam positionsShared explorationLock speedFull tech treeHidden civsTurbo modeCheats
Victory
Defeat
🇩🇪 Vietnamese · Germany
1345
+17
🇨🇳 Koreans · China
1373
-17
[TWC] fcig5
7:35 Loom
9:55 Feudal Age
11:21 Double-Bit Axe
12:18 Horse Collar
14:45 Wheelbarrow
20:59 Castle Age
19:11 Fletching
20:22 Bloodlines
21:34 Town Watch
22:07 Hand Cart
21:52 Bodkin Arrow
22:53 Bow Saw
23:30 Gold Mining
24:19 Husbandry
24:39 Heavy Plow
26:11 Ballistics
26:45 Padded Archer Armor
27:57 Leather Archer Armor
30:16 Scale Mail Armor
33:52 Imperial Age
31:58 Town Watch
32:47 Thumb Ring
33:37 Stone Mining
34:41 Bracer
36:56 Chemistry
41:13 Ring Archer Armor
40:54 Cavalier
41:50 Scale Barding Armor
42:46 Hoardings
小桦
6:24 Loom
8:56 Feudal Age
18:26 Horse Collar
21:00 Castle Age
19:50 Scale Barding Armor
20:10 Forging
20:24 Fletching
21:19 Double-Bit Axe
21:27 Gold Mining
21:42 Husbandry
22:41 Wheelbarrow
24:22 Chain Barding Armor
24:54 Town Watch
25:48 Bow Saw
26:35 Bodkin Arrow
28:17 Pikeman
28:59 Elite Skirmisher
30:40 Gold Shaft Mining
38:24 Imperial Age
40:40 Bracer
41:53 Forging
42:18 Ballistics
43:33 Chemistry
Connection lost

Rejoining the realm…

Still unreachable

The connection could not be restored.

Session expired

The server has moved on; the page needs a fresh start.